 Dungeon Crawl Stone Soup version 0.30-a0-760-g5a9884bb7c (webtiles) character file.

Game seed: 15937305368542248233

107 kingofthe the Conjurer (level 4, -10/27 HPs)
             Began as an Octopode Conjurer on Feb 12, 2023.
             Killed from afar by Ijyb (15 damage)
             ... with a bolt of light
             ... on level 3 of the Dungeon.
             The game lasted 00:04:51 (2411 turns).

kingofthe the Conjurer (Octopode Conjurer)          Turns: 2411, Time: 00:04:52

Health: -10/27     AC:  1    Str:  6    XL:     4   Next: 86%
Magic:  0/8        EV: 13    Int: 20    God:
Gold:   100        SH: 10    Dex: 12    Spells: 3/9 levels left

rFire   . . .      SeeInvis .    (no weapon)
rCold   . . .      Faith    .    e - +2 buckler
rNeg    . . .      Spirit   .    (helmet restricted)
rPois   .          Reflect  +    f - amulet of reflection
rElec   .          Harm     .    (no ring)
rCorr   .          Rampage  .    (no ring)
Will    .....                    (no ring)
Stlth   +++                      (no ring)
HPRegen 0.24/turn                (no ring)
MPRegen 0.11/turn                (no ring)
                                 (no ring)
                                 (no ring)

@: no status effects
A: almost no armour, amphibious, 8 rings, camouflage 1, gelatinous body 1,
(nimble swimmer 1), tentacles
a: no special abilities


You were on level 3 of the Dungeon.
You visited 1 branch of the dungeon, and saw 3 of its levels.

You collected 100 gold pieces.

Inventory:

Armour
 e - a +2 buckler (worn)
Jewellery
 f - an amulet of reflection (around mantle)
Scrolls
 b - 2 scrolls of identify {unknown}
 d - a scroll of blinking {unknown}
 g - a scroll of amnesia {unknown}
 h - a scroll of brand weapon {unknown}
 k - 2 scrolls of poison {unknown}
 l - a scroll of torment {unknown}
 m - 2 scrolls of teleportation {unknown}
 n - a scroll of enchant armour {unknown}
Potions
 a - a potion of magic
 c - 3 potions of curing {unknown}
 i - 2 potions of might {unknown}
 j - a potion of heal wounds {unknown}
 o - a potion of lignification {unknown}


   Skills:
 * Level 3.0 Dodging
 + Level 3.9 Stealth
 + Level 3.0 Spellcasting
 + Level 4.4 Conjurations


You had 3 spell levels left.
You knew the following spells:

 Your Spells              Type           Power      Damage    Failure   Level
a - Magic Dart            Conj           80%        1d7       3%          1
b - Searing Ray           Conj           40%        2d5       4%          2
c - Swiftness             Air            3%         N/A       50%         3

Your spell library contained the following spells:

 Spells                   Type           Power      Damage    Failure   Level
 Shock                    Conj/Air       44%        1d5       8%          1
 Dazzling Flash           Conj/Hex       22%        N/A       24%         3
 Ozocubu's Armour         Ice            3%         N/A       50%         3
 Fulminant Prism          Conj/Hex       5%         3d7       61%         4
 Iskenderun's Mystic Bla  Conj/Tloc      11%        2d4       61%         4
 Airstrike                Air            1%         2d(1-17)  88%         4
 Olgreb's Toxic Radiance  Pois           3%         N/A       88%         4
 Metabolic Englaciation   Hex/Ice        1%         N/A       99%         5
 Simulacrum               Ice/Necr       1%         N/A       100%        6
 Ozocubu's Refrigeration  Ice            1%         4d7       100%        7
 Ignition                 Fire           1%         3d3       100%        8


Dungeon Overview and Level Annotations

Branches:
Dungeon (3/15)

Altars:

Annotations:
D:3 Ijyb


Innate Abilities, Weirdness & Mutations

You cannot wear most types of armour.
You are amphibious.
You can wear up to eight rings at the same time.
Your skin changes colour to match your surroundings (Stealth+).
Your rubbery body absorbs attacks. (AC +1, EV +1)
((You are camouflaged when in or above water. (Stealth+)))
You have tentacles for arms and can constrict up to eight enemies at once.


Message History

Aim: Ijyb, wielding a +0 dagger, wearing a +0 scale mail and carrying a wand of light (6) (asleep, 100% to hit)
You miscast Searing Ray.
You are very lightly contaminated with residual magic.
Nothing appears to happen.
You start resting.
Your magical contamination has completely faded away.
You start resting.
Magic restored.
Casting: Searing Ray (safe; 4% risk of failure)
Confirm with . or Enter, or press ? or * to list all spells.
Aiming: Searing Ray (safe; 4% risk of failure)
Press: ? - help, Shift-Dir - straight line, f/p - Ijyb
Aim: Ijyb, wielding a +0 dagger, wearing a +0 scale mail and carrying a wand of light (6) (asleep, 100% to hit)
The searing ray hits Ijyb but does no damage.
Ijyb shouts! (Press . to maintain the ray.)
You hear a shout!
The searing ray misses Ijyb.
The searing ray misses Ijyb.
Ijyb zaps a wand.
The bolt of light hits you!!
You are confused.
Ouch! That really hurt!
You bump into the rock wall.
Ijyb hits you with a +0 dagger.
* * * LOW HITPOINT WARNING * * *
You bump into the rock wall.
You feel less confused. Ijyb barely misses you.
Casting: Searing Ray (safe; 4% risk of failure)
Confirm with . or Enter, or press ? or * to list all spells.
Aiming: Searing Ray (safe; 4% risk of failure)
Press: ? - help, Shift-Dir - straight line, f/p - Ijyb
Aim: Ijyb, wielding a +0 dagger, wearing a +0 scale mail and carrying a wand of light (5) (75% to hit)
The searing ray hits Ijyb but does no damage. (Press . to maintain the ray.) Ijyb completely misses you.
The searing ray misses Ijyb.
Ijyb hits you with a +0 dagger.
* * * LOW HITPOINT WARNING * * *
The searing ray hits Ijyb but does no damage.
Ijyb zaps a wand.
The bolt of light hits you!
Ouch! That really hurt!
You die...

..#....#..........###
............รท<......>
..##...#.............
####..##.#.#.###.###. ##
####..##.#.#.#.#.#.# ..
#.....##.#...#.#.#.#.###
##.##.##.#.#............
#. #............g......
### #######..###@###
..### #....#...# ....##
#..###.###.#. .....##
#.............
#.....###...............
###....#####.###.###.#.#
###...## #.. #.# #
.$##....# #.# #.# (K
##...# ... ...


You could see Ijyb.

Vanquished Creatures
  Jessica (D:2)
  A gnoll (D:1)
  2 adders (D:2)
  2 dart slugs (D:1)
  2 orcs (D:3)
  4 ball pythons
  4 endoplasms (D:1)
  A giant cockroach (D:2)
  6 goblins
  5 hobgoblins
  3 jackals (D:1)
  A kobold (D:2)
  2 quokkas
  3 bats
  2 frilled lizards
  6 rats
45 creatures vanquished.

Notes
Turn   | Place    | Note
-------+----------+-------------------------------------------
     0 | D:1      | kingofthe the Octopode Conjurer began the quest for the
                  | Orb.
     0 | D:1      | Reached XP level 1. HP: 11/11 MP: 3/3
   217 | D:1      | Reached XP level 2. HP: 17/17 MP: 1/5
   220 | D:1      | Learned a level 2 spell: Searing Ray
   703 | D:1      | Reached XP level 3. HP: 21/21 MP: 0/6
  1648 | D:2      | Reached XP level 4. HP: 27/27 MP: 1/8
  1917 | D:2      | Learned a level 3 spell: Swiftness
  2053 | D:2      | Noticed Jessica
  2055 | D:2      | Killed Jessica
  2291 | D:3      | Noticed a necrophage
  2292 | D:3      | Noticed a water moccasin
  2384 | D:3      | Noticed Ijyb
  2411 | D:3      | Killed from afar by Ijyb

Illustrated notes

Levels and vault maps discovered:
D:1:      dpeg_arrival_solitude, layout_basic, corner_web_ring
D:2:      layout_basic, uniq_jessica
D:3:      minmay_bubble_buster, layout_basic, mainiacjoe_overflow_cross_hatched,
          elyvilon_altar_3, minmay_misc_feat_nine_boxes, lightli_corner_chamber,
          uniq_ijyb

Skill      XL: |  1  2  3  4 |
---------------+-------------+-----
Stealth        | 3 |  3.9
Spellcasting   | 3 |  3.0
Dodging        | 3 |  3.0
Conjurations   | |  4.4

Action                     |  1- 3 |  4- 6 || total
---------------------------+-------+-------++-------
  Melee: Unarmed           |     4 |       ||     4
         Tentacles         |     3 |       ||     3
         Constrict         |     1 |       ||     1
   Cast: Magic Dart        |    50 |    22 ||    72
         Searing Ray       |     6 |     5 ||    11
 Armour: Skin              |     1 |       ||     1
  Dodge: Dodged            |     3 |     4 ||     7
  Block: Buckler           |     2 |     4 ||     6
         Reflection        |     1 |       ||     1

Table legend: (Time is in decaauts)
 A = Elapsed time spent in this place.
 B = Non-inter-level travel time spent in this place.
 C = Inter-level travel time spent in this place.
 D = Time resting spent in this place.
 E = Time spent auto-exploring this place.
 F = Levels seen in this place.
 G = Mean time per level.
                   A        B        C        D        E       F      G
               +--------+--------+--------+--------+--------+-----+--------+
         Total |   2411 |   2292 |    119 |    181 |   1870 |   3 |  803.7 |
       Dungeon |   2411 |   2292 |    119 |    181 |   1870 |   3 |  803.7 |
               +--------+--------+--------+--------+--------+-----+--------+

Top non-repeatable levels by time:
     D:1: 1503 daAuts
     D:2: 667 daAuts
     D:3: 240 daAuts
